 Dungeon Crawl Stone Soup version 0.31.0-32-g396128a36d (webtiles) character file.

Game seed: 12754497132200920934

107 601d51SH the Ruffian (level 4, 0/44 HPs)
             Began as a Troll Monk on Mar 4, 2024.
             Slain by a gnoll
             ... wielding a +0 whip
              (8 damage)
             ... on level 4 of the Dungeon on Mar 30, 2024.
             The game lasted 00:03:22 (720 turns).

601d51SH the Ruffian (Troll Monk)                    Turns: 720, Time: 00:03:24

Health: 0/44       AC:  4    Str: 19    XL:     4   Next: 57%
Magic:  3/3        EV: 10    Int:  6    God:
Gold:   56         SH:  0    Dex: 14    Spells: 3/3 levels left

rFire   . .          .
                       - Unarmed
rCold   . . .        c - orb {light}
rNeg    . . .        a - +0 robe
rPois   .            (helmet restricted)
rElec   .            (no cloak)
rCorr   .            (gloves unavailable)
SInv    .            (boots unavailable)
Will    .....        (no amulet)
Stlth   +            (no ring)
HPRegen 1.07/turn    (no ring)
MPRegen 0.08/turn

%: no passive effects
@: glowing
A: large, unfitting armour, claws 3, regeneration 1, shaggy fur 1, tough skin 1
a: no special abilities


You were on level 4 of the Dungeon.
You visited 1 branch of the dungeon, and saw 4 of its levels.

You collected 56 gold pieces.

Inventory:

Hand Weapons
 f - a +0 mace
Missiles
 e - 12 stones (quivered)
Armour
 a - a +0 robe (worn)
 c - an orb of light (worn)
 d - a +0 pair of gloves
Jewellery
 i - a ring of protection from cold
 m - a ring of protection from fire
Scrolls
 b - a scroll of silence {unknown}
 j - a scroll of amnesia {unknown}
 k - a scroll of enchant weapon {unknown}
Potions
 g - a potion of heal wounds {unknown}
 h - 2 potions of invisibility {unknown}
 l - a potion of attraction {unknown}


   Skills:
 + Level 2.9 Fighting
 + Level 3.0 Dodging
 + Level 4.5 Unarmed Combat


You had 3 spell levels left.
You didn't know any spells.
Your spell library was empty.

Dungeon Overview and Level Annotations

Branches:
Dungeon (4/15)
 Temple: D:4-7

Altars:


Innate Abilities, Weirdness & Mutations

You are too large for most types of armour.
You have claws for hands.
Your natural rate of healing is unusually fast.
You are covered in fur. (AC +1)
You have tough skin. (AC +1)


Message History

You kill the ribbon worm!
The ball python bites you.
A gnoll comes into view. It is wielding a +0 whip.
The gnoll shouts!
The ball python attacks as it pursues you!
The ball python barely misses you.
You barely miss the gnoll. The gnoll hits you but does no damage.
A gnoll comes into view. It is wielding a +0 spear.
The ball python bites you.
You claw the gnoll!
You kill the gnoll!
The ball python bites you but does no damage.
The ball python bites you.
Things that are here:
a +0 club; a gnoll corpse The gnoll hits you with a +0 whip.
The gnoll hits you but does no damage.
The ball python attacks as it pursues you!
The ball python barely misses you.
You barely miss the gnoll. The gnoll hits you with a +0 whip.
The gnoll closely misses you.
The gnoll hits you from afar with a +0 spear.
The ball python bites you.
You scratch the gnoll.
The gnoll is lightly wounded.
The gnoll hits you with a +0 whip. The gnoll barely misses you.
The gnoll completely misses you.
The ball python bites you but does no damage.
You scratch the gnoll.
The gnoll is moderately wounded.
The ball python barely misses you. The gnoll closely misses you.
The gnoll hits you from afar with a +0 spear!
The gnoll hits you with a +0 whip.
* * * LOW HITPOINT WARNING * * *
You claw the gnoll!
The gnoll is almost dead.
The ball python barely misses you.
The gnoll hits you from afar with a +0 spear.
* * * LOW HITPOINT WARNING * * *
The gnoll hits you with a +0 whip!
You die...

...
......##.........#
...
.............##
...
.....#.......##
...
........#.....##
...
......(##......#
..#
.......##....###
.## ...........###
.# #.....g#S### .#
.......@..# ...
.....gg...# ##.
...?..##.....
..#... ...#..# .
##. ...#### ..
.### .. ## ...


You could see 3 gnolls and a ball python.

Vanquished Creatures
  A lemure (D:4)
  An orc priest (D:3)
  An iguana (D:4)
  An adder (D:2)
  A gnoll (D:4)
  2 dart slugs
  2 ribbon worms
  3 orcs (D:3)
  4 bats
  2 endoplasms
  4 hobgoblins
  A quokka (D:3)
  3 frilled lizards
  2 rats
28 creatures vanquished.

Notes
Turn   | Place    | Note
-------+----------+-------------------------------------------
     0 | D:1      | 601d51SH the Troll Monk began the quest for the Orb.
     0 | D:1      | Reached XP level 1. HP: 22/22 MP: 0/0
   309 | D:2      | Reached XP level 2. HP: 14/29 MP: 1/1
   357 | D:2      | Upgraded the game from 0.31.0-12-g77e489cdc1 to
                  | 0.31.0-32-g396128a36d
   480 | D:3      | Reached XP level 3. HP: 34/36 MP: 2/2
   540 | D:3      | Reached skill level 4 in Unarmed Combat
   573 | D:4      | Noticed a lemure
   608 | D:4      | Reached XP level 4. HP: 40/44 MP: 3/3
   625 | D:4      | Killed a lemure
   720 | D:4      | Slain by a gnoll

Illustrated notes

Levels and vault maps discovered:
D:1:      dpeg_arrival_houses_and_road, layout_loops_corners
D:2:      layout_loops_cross, dilly_ecumenical_altar_fadedgnrine
D:3:      layout_loops_ring, nemelex_diamond_rough_becter
D:4:      layout_cave_pools, minmay_temple_entry_enclosed_plants,
          gup_sewer_entry_bubbles, grunt_tough_drop, uniq_grinder, uniq_pikel

Skill      XL: |  1  2  3 |
---------------+----------+-----
Unarmed Combat | 4 |  4.5
Dodging        | 3 |  3.0
Fighting       | |  2.9

Action                     |  1- 3 |  4- 6 || total
---------------------------+-------+-------++-------
  Melee: Unarmed           |    50 |    29 ||    79
    Use: Potion            |     1 |       ||     1
 Armour: Robe              |    27 |    26 ||    53
  Dodge: Dodged            |    24 |    22 ||    46
